 Dungeon Crawl Stone Soup version 0.29-a0-275-g389c0b56f3 (webtiles) character file.

Game seed: 4434540206229820042

65 drugrobin the Chopper (level 3, 0/30 HPs)
             Began as a Demigod Fighter on Mar 11, 2022.
             Slain by a gnoll
             ... wielding a +0 halberd
              (13 damage)
             ... on level 1 of the Dungeon.
             The game lasted 00:03:51 (1958 turns).

drugrobin the Chopper (Demigod Fighter)             Turns: 1958, Time: 00:03:52

Health: 0/30       AC:  8    Str: 21    XL:     3   Next: 66%
Magic:  5/5        EV:  7    Int: 10    God:
Gold:   111        SH:  4    Dex: 13    Spells: 2/2 levels left

rFire   . . .      SeeInvis .   a - +0 war axe
rCold   . . .      Faith    .   c - +0 buckler
rNeg    . . .      Spirit   .   t - +0 chain mail
rPois   .          Reflect  .   (no helmet)
rElec   .          Harm     .   (no cloak)
rCorr   .          Rampage  .   (no gloves)
Will    .....                   (no boots)
Stlth   ..........              (no amulet)
HPRegen 0.10/turn               i - ring of flight
MPRegen 0.09/turn               (no ring)

@: flying
A: high MP 1, forlorn, divine attributes
a: no special abilities


You were on level 1 of the Dungeon.
You visited 1 branch of the dungeon, and saw 2 of its levels.

You collected 111 gold pieces.

Inventory:

Hand Weapons
 a - a +0 war axe (weapon)
 j - a +0 hand axe
Missiles
 k - 36 stones (quivered)
 o - 3 boomerangs of dispersal
Armour
 c - a +0 buckler (worn)
 q - an orb of light
 t - a +0 chain mail (worn)
Jewellery
 i - a ring of flight (left hand)
Wands
 p - a wand of mindburst (12)
Scrolls
 f - a scroll of silence {unknown}
 g - a scroll of teleportation {unknown}
 h - 3 scrolls of identify {unknown}
 l - a scroll of noise {unknown}
 m - a scroll of vulnerability {unknown}
 n - 2 scrolls of fear {unknown}
 s - a scroll of enchant armour {unknown}
Potions
 b - a potion of attraction {unknown}
 d - a potion of might
 e - 2 potions of lignification {unknown}
 r - 2 potions of curing {unknown}


   Skills:
 - Level 2.6 Fighting
 * Level 3.9 Axes
 - Level 2.6 Armour
 - Level 2.6 Shields


You had 2 spell levels left.
You didn't know any spells.
Your spell library contained the following spells:

 Spells                   Type           Power      Damage    Failure   Level
 Freezing Cloud           Conj/Ice/Air   0%         6-21      100%        5
 Simulacrum               Ice/Necr       0%         N/A       100%        6
 Polar Vortex             Ice            0%         N/A       100%        9


Dungeon Overview and Level Annotations

Branches:
Dungeon (2/15)


Innate Abilities, Weirdness & Mutations

You have an increased reservoir of magic. (+10% MP)
You shall have no god before yourself.
Your divine heritage dramatically boosts your attributes as you level up.


Message History

You see here a +0 club.
You can't go up here!
A gnoll is nearby!
Unknown command.
You block the gnoll's attack.
There is a stone staircase leading up, spattered with blood here.
Unknown command.
The gnoll closely misses you.
You fly upwards.
There is a stone staircase leading down here.
You start resting.
HP restored.
You fly downwards.
There is a stone staircase leading up, spattered with blood here.
Unknown command.
Unknown command.
You see here a +0 club.
The gnoll barely misses you.
You see here a +0 club.
The gnoll hits you with a +0 halberd.
There is a stone staircase leading up, spattered with blood here.
Unknown command.
The gnoll hits you with a +0 halberd.
The dart slug briefly extends its eye-stalks.
You fly upwards.
There is a stone staircase leading down here.
You barely miss the gnoll. The gnoll hits you with a +0 halberd.
You hit the gnoll.
The gnoll is moderately wounded.
The gnoll closely misses you. The gnoll barely misses you.
You closely miss the gnoll.
The gnoll is moderately wounded.
You block the gnoll's attack.
You hit the gnoll.
The gnoll is heavily wounded.
The gnoll hits you with a +0 halberd!
You hit the gnoll.
The gnoll is severely wounded.
The gnoll hits you with a +0 halberd!
You die...

.# ###...#### #.#
.# ####.## #.# .#
#....# #.# .#
#.#### #####.#
.#####†### #.....#
.....)...# #.#####
.#####.#.### #.#
.#####.#...# #g#
...........#####@#
.#####.#.....#...#
.# ##.#.###.#.###
.####....# #.#.#
.......#.###.#.#
.......#.....#.#
.####..###.###.####
.# #.............#
.# #..###.###..#.#


You could see a gnoll.

Vanquished Creatures
  3 gnolls (D:2)
  A dart slug (D:2)
  6 bats
  An endoplasm (D:1)
  3 giant cockroaches
  4 goblins
  3 hobgoblins
  A kobold (D:1)
  3 quokkas (D:1)
  3 ball pythons (D:1)
  A frilled lizard (D:2)
  3 rats (D:1)
32 creatures vanquished.

Notes
Turn   | Place    | Note
-------+----------+-------------------------------------------
     0 | D:1      | drugrobin the Demigod Fighter began the quest for the Orb.
     0 | D:1      | Reached XP level 1. HP: 18/18 MP: 3/3
   345 | D:1      | Reached skill level 2 in Axes
   545 | D:1      | Reached XP level 2. HP: 25/25 MP: 4/4
  1099 | D:1      | Reached skill level 3 in Axes
  1452 | D:2      | Reached XP level 3. HP: 24/30 MP: 5/5
  1958 | D:1      | Slain by a gnoll

Illustrated notes

Levels and vault maps discovered:
D:1:      dpeg_arrival_subterranean_lakeside_camping, layout_loops_ring,
          hellmonk_ecumenical_altar_lost_god
D:2:      layout_loops_ring, serial_glass, glass_columns_b, glass_columns_b

Skill      XL: |  1  2 |
---------------+-------+-----
Axes           | 2 3 |  3.9
Fighting       | |  2.6
Armour         | |  2.6
Shields        | |  2.6

Action                   || total
-------------------------++-------
Melee: War axe           ||   129
Armor: Scale mail        ||    42
       Chain mail        ||    18
Dodge: Dodged            ||    63
Block: Buckler           ||    27

Table legend: (Time is in decaauts)
 A = Elapsed time spent in this place.
 B = Non-inter-level travel time spent in this place.
 C = Inter-level travel time spent in this place.
 D = Time resting spent in this place.
 E = Time spent auto-exploring this place.
 F = Levels seen in this place.
 G = Mean time per level.
                   A        B        C        D        E       F      G
               +--------+--------+--------+--------+--------+-----+--------+
         Total |   2010 |   1989 |     21 |    422 |   1063 |   2 | 1005.0 |
       Dungeon |   2010 |   1989 |     21 |    422 |   1063 |   2 | 1005.0 |
               +--------+--------+--------+--------+--------+-----+--------+

Top non-repeatable levels by time:
     D:1: 1434 daAuts
     D:2: 576 daAuts
